AoeStats
← Green Assassin

Yucatan

503595519Analyzed
4v4 RM · 1mo ago on Sep 1, 2026· 45m 43s· 8 players
Game mode
Random Map
Map size
Large (8 player)
Population
200
Speed
Normal
Resources
Standard
Victory
Conquest
Starting age
Dark Age
Ending age
Imperial Age
RankedLock teamsTeams togetherTeam positionsShared explorationLock speedFull tech treeHidden civsTurbo modeCheats
Victory
Defeat
🇭🇺 Mongols · Hungary
1387
+11
🇨🇳 Britons · China
1248
+17
🇨🇳 Italians · China
1215
+18
🇹🇼 Franks · Taiwan
1198
+19
🇮🇹 Berbers · Italy
1321
-19
🇪🇸 Khmer · Spain
1286
-17
🇯🇵 Burgundians · Japan
1251
-15
🇩🇪 Japanese · Germany
1213
-14
Aspirante
6:15 Loom
8:56 Feudal Age
11:32 Forging
18:49 Castle Age
16:44 Gold Mining
16:37 Horse Collar
16:44 Double-Bit Axe
18:25 Bloodlines
18:24 Scale Barding Armor
25:22 Wheelbarrow
26:33 Stone Mining
28:10 Town Watch
28:52 Bow Saw
29:49 Heavy Plow
30:26 Hand Cart
34:47 Imperial Age
32:21 Fletching
32:34 Light Cavalry
33:15 Husbandry
34:52 Bodkin Arrow
35:18 Chain Barding Armor
36:37 Chemistry
36:06 Conscription
Nogard
7:01 Loom
7:54 Loom
10:45 Feudal Age
11:33 Double-Bit Axe
14:33 Castle Age
13:07 Horse Collar
15:28 Bow Saw
21:40 Wheelbarrow
22:57 Heavy Plow
24:02 Gold Mining
24:58 Hand Cart
25:43 Gold Shaft Mining
25:39 Scale Barding Armor
25:46 Forging
27:58 Bloodlines
27:48 Husbandry
27:52 Stone Mining
28:08 Town Watch
29:17 Iron Casting
31:33 Imperial Age
29:41 Chain Barding Armor
30:17 Stone Shaft Mining
31:19 Town Patrol
31:48 Heavy Camel Rider
33:44 Blast Furnace
33:40 Plate Barding Armor
33:29 Fletching
35:00 Maghrebi Camels
35:21 Conscription
35:29 Ballistics
35:20 Masonry
35:47 Padded Archer Armor
36:09 Bodkin Arrow
37:15 Chemistry
38:09 Treadmill Crane
38:36 Siege Engineers
38:26 Murder Holes
39:39 Cavalier
45:20 Bracer
45:36 Leather Archer Armor
ohawan12312
1:54 Loom
5:32 Double-Bit Axe
11:27 Feudal Age
16:18 Wheelbarrow
17:58 Castle Age
16:51 Bow Saw
16:37 Gold Mining
17:07 Stone Mining
19:10 Horse Collar
19:57 Cavalier
21:36 Heavy Plow
24:43 Hand Cart
31:04 Imperial Age
28:47 Husbandry
30:22 Gold Shaft Mining
30:38 Scale Barding Armor
30:44 Forging
31:41 Chain Barding Armor
31:37 Paladin
33:04 Conscription
33:25 Masonry
34:16 Chemistry
34:47 Plate Barding Armor
39:31 Iron Casting
41:43 Blast Furnace
45:22 Fletching
46:06 Architecture
45:31 Murder Holes
Green Assassin
0:28 Loom
12:05 Feudal Age
17:34 Castle Age
16:01 Double-Bit Axe
17:52 Scale Mail Armor
18:03 Forging
18:25 Pikeman
21:15 Wheelbarrow
20:45 Squires
25:54 Fishing Lines
36:28 Imperial Age
34:14 Bow Saw
35:31 Arson
37:26 Iron Casting
37:07 Chain Mail Armor
37:05 Halberdier
40:11 Plate Mail Armor
40:49 Blast Furnace
39:39 Fletching
40:36 Yasama
41:30 Conscription
41:06 Guard Tower
41:43 Ballistics
42:47 Keep
42:11 Arrowslits
44:39 Chemistry
43:37 Bodkin Arrow
43:43 Padded Archer Armor
43:32 Elite Skirmisher
44:39 Bracer
DraveczB
6:18 Loom
8:45 Feudal Age
13:18 Double-Bit Axe
15:11 Forging
15:30 Bloodlines
19:32 Castle Age
17:30 Horse Collar
19:12 Scale Barding Armor
20:44 Husbandry
21:27 Iron Casting
22:31 Gold Mining
23:21 Wheelbarrow
26:15 Heavy Plow
28:21 Bow Saw
31:04 Stone Mining
33:54 Imperial Age
31:41 Hand Cart
32:14 Chain Barding Armor
32:52 Gold Shaft Mining
33:00 Stone Shaft Mining
34:15 Elite Steppe Lancer
35:00 Town Watch
36:41 Blast Furnace
36:38 Conscription
37:53 Heavy Camel Rider
44:21 Elite Mangudai
44:53 Fletching
45:19 Padded Archer Armor
45:49 Bodkin Arrow
46:38 Ballistics
47:19 Chemistry
來都來了
5:58 Loom
8:58 Feudal Age
9:48 Double-Bit Axe
13:47 Town Watch
14:53 Forging
15:30 Scale Barding Armor
20:53 Castle Age
18:56 Gold Mining
22:32 Wheelbarrow
22:47 Iron Casting
24:11 Bow Saw
26:43 Stone Mining
30:11 Chain Barding Armor
38:09 Imperial Age
37:43 Husbandry
37:33 Pikeman
37:59 Gambesons
38:14 Squires
38:49 Scale Mail Armor
38:28 Halberdier
40:00 Hand Cart
40:28 Chain Mail Armor
师太爱失态
6:42 Loom
11:03 Feudal Age
11:34 Double-Bit Axe
15:03 Castle Age
17:16 Bow Saw
17:37 Horse Collar
18:24 Heavy Plow
21:11 Gold Mining
21:34 Stone Mining
25:22 Wheelbarrow
25:45 Stone Shaft Mining
27:23 Fletching
31:08 Imperial Age
29:28 Ballistics
30:18 Treadmill Crane
30:49 Fortified Wall
31:06 Thumb Ring
31:08 Bodkin Arrow
31:27 Masonry
33:04 Two-Man Saw
32:41 Conscription
31:43 Elite Genoese Crossbowman
33:35 Chemistry
33:20 Hand Cart
32:51 Town Watch
33:10 Bracer
33:10 Padded Archer Armor
35:33 Leather Archer Armor
35:51 Architecture
36:47 Silk Road
37:13 Town Patrol
37:15 Caravan
37:26 Guilds
46:24 Hoardings
630406632
10:19 Feudal Age
14:53 Castle Age
12:47 Double-Bit Axe
13:30 Stone Mining
13:38 Horse Collar
15:47 Loom
22:24 Wheelbarrow
22:10 Town Watch
22:28 Gold Mining
29:52 Imperial Age
27:56 Heavy Plow
27:48 Fletching
29:24 Yeomen
29:02 Bodkin Arrow
30:05 Gold Shaft Mining
30:08 Ballistics
30:16 Hand Cart
30:34 Padded Archer Armor
31:04 Bracer
32:26 Chemistry
31:56 Bow Saw
32:05 Guard Tower
32:52 Conscription
34:03 Two-Man Saw
33:05 Arrowslits
33:38 Warwolf
35:01 Keep
34:38 Masonry
35:55 Leather Archer Armor
35:52 Forging
39:15 Ring Archer Armor
38:46 Scale Mail Armor
39:21 Iron Casting
40:21 Elite Longbowman
Connection lost

Rejoining the realm…

Still unreachable

The connection could not be restored.

Session expired

The server has moved on; the page needs a fresh start.